Map: Oxide LE

Players

AqueroN

  • Race: Terran Terran

uThermal - Winner!

  • Race: Terran Terran

Event: DreamHack SC2 Masters 2021 Winter

VOD

Have the link to the VOD?

Description

Time

  • Played on: Oct. 10, 2021, 11 a.m.
  • Length: 8:30

All games in this series

Show
View Real Time Build Order
Export as new Build Order

AqueroN Terran 

Build Orders: Cyclone Opening, Mech 

Get SALT Encoding   

  12  0:00  SCV  
  13  0:12  SCV  
  14  0:17  Supply Depot  
  14  0:24  SCV  
  15  0:39  SCV  
  15  0:40  Barracks  
  16  0:43  Refinery  
  16  0:51  SCV  
  16  0:52  Refinery  
  17  1:03  SCV  
  18  1:15  SCV  
  19  1:27  Reaper, Orbital Command  
  19  1:28  Supply Depot  
  20  1:41  Factory  
  20  1:53  SCV  
  21  1:59  Reaper  
  22  2:05  SCV  
  23  2:17  SCV  
  23  2:20  Command Center  
  24  2:26  Factory Tech Lab  
  24  2:29  SCV  
  25  2:33  Barracks Reactor  
  25  2:36  Supply Depot  
  25  2:41  SCV  
  26  2:46  Cyclone  
  29  2:53  SCV  
  30  3:05  SCV  
  30  3:08  Starport  
  30  3:09  Marine x2  
  30  3:11  Refinery  
  33  3:17  SCV  
  34  3:24  Cyclone  
  34  3:27  Marine x2  
  37  3:31  SCV  
  37  3:33  Orbital Command  
  40  3:43  SCV  
  40  3:44  Marine x2  
  40  3:46  Medivac  
  45  3:55  Supply Depot, SCV  
  46  3:59  SCV  
  46  4:02  Marine  
  47  4:07  SCV  
  44  4:12  SCV  
  44  4:16  Marine  
  43  4:19  SCV  
  43  4:20  Siege Tank, Marine  
  42  4:25  SCV  
  42  4:28  Liberator  
  43  4:32  SCV  
  43  4:37  SCV  
  44  4:40  Marine  
  44  4:47  SCV  
  44  4:49  SCV  
  44  4:54  Command Center  
  43  5:01  SCV  
  43  5:02  Siege Tank  
  43  5:06  SCV  
  48  5:13  SCV  
  49  5:19  SCV  
  50  5:23  Supply Depot  
  50  5:25  SCV, Marine  
  50  5:27  Viking x2  
  56  5:31  SCV  
  56  5:33  Refinery  
  57  5:36  Siege Tank  
  57  5:37  SCV  
  61  5:43  SCV  
  61  5:46  Supply Depot  
  61  5:49  SCV  
  63  5:55  SCV  
  64  5:57  Viking  
  64  6:01  SCV  
  69  6:05  Viking  
  69  6:06  Supply Depot  
  69  6:07  SCV x2  
  71  6:13  Siege Tank  
  71  6:14  Supply Depot, SCV  
  75  6:20  SCV  
  75  6:21  Barracks Reactor  
  77  6:29  SCV  
  77  6:30  Orbital Command  
  77  6:32  Factory, SCV  
  78  6:39  Viking  
  80  6:42  SCV  
  80  6:46  SCV  
  79  6:47  Siege Tank  
  79  6:54  Factory, SCV  
  83  6:57  Orbital Command  
  83  6:58  SCV  
  84  7:06  SCV  
  85  7:08  Barracks Tech Lab  
  85  7:10  SCV  
  86  7:16  Supply Depot  
  86  7:18  SCV  
  86  7:20  Armory  
  86  7:21  Refinery  
  86  7:22  SCV, Refinery  
  88  7:25  Viking  
  88  7:26  Viking  
  88  7:29  SCV  
  92  7:30  SCV  
  92  7:33  Siege Tank  
  92  7:34  SCV  
  97  7:40  Supply Depot  
  97  7:41  SCV, Factory Reactor  
  97  7:42  Supply Depot, SCV  
  97  7:43  Siege Tank  
  102  7:47  SCV  
  95  7:53  SCV  
  95  7:54  SCV  
  95  7:55  Viking  
  90  7:59  SCV  
  93  8:11  SCV  
Show
View Real Time Build Order
Export as new Build Order

uThermal Terran - Winner!

Build Orders:  

Get SALT Encoding   

  12  0:00  SCV  
  13  0:12  SCV  
  14  0:17  Supply Depot  
  14  0:24  SCV  
  15  0:38  SCV  
  15  0:39  Barracks  
  16  0:42  Refinery  
  16  0:50  SCV  
  16  0:52  Refinery  
  17  1:03  SCV  
  18  1:15  SCV  
  19  1:26  Reaper  
  19  1:27  Supply Depot, Orbital Command  
  20  1:41  Factory  
  20  1:53  SCV  
  21  1:59  Barracks Reactor  
  21  2:05  SCV  
  22  2:17  SCV  
  23  2:24  Command Center  
  23  2:28  Hellion  
  25  2:31  SCV  
  25  2:35  Reaper  
  25  2:36  Reaper  
  28  2:42  Supply Depot  
  28  2:43  SCV  
  29  2:50  Hellion  
  31  3:01  Starport  
  31  3:03  SCV  
  32  3:08  Reaper x2  
  36  3:12  Hellion  
  36  3:15  SCV  
  37  3:24  Refinery  
  37  3:27  SCV  
  38  3:34  Factory Tech Lab  
  38  3:36  Orbital Command  
  38  3:39  Marine x2  
  38  3:40  Starport Tech Lab  
  40  3:41  SCV  
  41  3:53  SCV, Cyclone  
  45  3:58  Marine x2  
  45  4:00  Raven  
  49  4:03  SCV  
  49  4:05  SCV  
  45  4:15  SCV  
  45  4:16  Marine x2  
  47  4:19  SCV  
  48  4:25  Siege Tank  
  48  4:27  SCV  
  48  4:29  Supply Depot  
  52  4:31  SCV  
  52  4:36  Marine  
  53  4:43  Raven  
  54  4:51  SCV x2, Marine  
  57  4:57  Supply Depot, Siege Tank  
  57  4:58  Marine  
  61  5:03  SCV x2  
  62  5:09  Command Center  
  62  5:17  SCV  
  62  5:18  Refinery, Marine x2  
  62  5:20  Supply Depot  
  64  5:22  SCV  
  65  5:29  SCV  
  65  5:30  Siege Tank  
  65  5:33  Supply Depot  
  65  5:34  SCV  
  70  5:42  SCV  
  71  5:43  Viking x2  
  71  5:45  Supply Depot  
  71  5:46  SCV  
  71  5:47  Marine  
  75  5:54  SCV  
  75  5:58  SCV  
  75  6:02  Siege Tank  
  79  6:04  Marine  
  79  6:06  SCV  
  79  6:10  SCV  
  82  6:13  Viking x2  
  82  6:18  SCV  
  87  6:23  SCV  
  88  6:30  SCV  
  89  6:32  Barracks  
  89  6:34  Siege Tank, Barracks  
  89  6:35  SCV  
  93  6:42  SCV  
  93  6:43  Viking x2  
  98  6:47  SCV  
  98  6:49  Marine  
  98  6:50  Stimpack  
  100  6:54  SCV  
  100  6:56  Orbital Command  
  100  6:59  SCV  
  102  7:05  Supply Depot  
  102  7:07  Marine  
  102  7:08  Engineering Bay  
  103  7:09  Engineering Bay  
  103  7:10  SCV  
  103  7:14  Siege Tank  
  107  7:20  Viking  
  109  7:27  Supply Depot, Barracks Reactor, SCV, Viking  
  109  7:28  Barracks Reactor  
  109  7:29  SCV  
  112  7:30  SCV  
  112  7:31  Marine  
  112  7:36  Supply Depot  
  113  7:39  SCV  
  114  7:46  SCV  
  114  7:48  Marine  
  116  7:53  Viking  
  116  8:01  SCV, Refinery  
  116  8:02  Refinery, Barracks  
  116  8:03  Marine, Barracks  
  116  8:04  Marine x2  
  116  8:05  SCV  
  121  8:06  Marine  
  121  8:10  SCV, Marine  

Tags
 
Add a new tag
Caveats
  • Supply blocks, unpowered buildings, or Contaminate may cause inaccurate times.
  • Supply counts are checked every 10 seconds.